 Dungeon Crawl Stone Soup version 0.32-a0-576-g706899e69d (webtiles) character file.

Game seed: 16184176681741800165

13038 Pooter the Cleaver (level 11, 0/151 HPs)
             Began as a Minotaur Berserker on Mar 1, 2024.
             Was an Elder of Trog.
             Slain by an orc warrior
             ... wielding a +0 halberd
              (14 damage)
             ... on level 2 of the Orcish Mines on Mar 2, 2024.
             The game lasted 01:05:00 (13207 turns).

Pooter the Cleaver (Minotaur Berserker)            Turns: 13207, Time: 01:05:00

Health: 0/151      AC: 22    Str: 24    XL:     11   Next: 70%
Magic:  10/10      EV:  7    Int:  4    God:    Trog [****..]
Gold:   843        SH:  0    Dex: 12    Spells: 10/10 levels left

rFire   . . .        a - +0 broad axe
rCold   . . .        (no shield)
rNeg    . . .        u - +2 plate armour
rPois   +            (helmet restricted)
rElec   .            (no cloak)
rCorr   .            l - +2 pair of gloves
SInv    .            k - +1 pair of boots
Will    .....        (no amulet) Stlth
                     P - ring of poison resistance
HPRegen 0.45/turn    h - +4 ring of protection
MPRegen 0.12/turn

%: no passive effects
@: berserking (expiring), very quick
A: horns 2, retaliatory headbutt
a: Renounce Religion, Berserk, Trog's Hand, Brothers in Arms


You were on level 2 of the Orcish Mines.
You worshipped Trog.
Trog was greatly pleased with you.
You visited 2 branches of the dungeon, and saw 12 of its levels.

You collected 1480 gold pieces.
You spent 637 gold pieces at shops.

Inventory:

Hand Weapons
 a - a +0 broad axe (weapon)
   (You bought it in a shop on level 8 of the Dungeon)
 b - a +0 arbalest of freezing
   (You took it off an orc warrior on level 7 of the Dungeon)
 F - a +0 trident
   (You found it on level 3 of the Dungeon)
 M - a +0 dire flail
   (You took it off an orc warrior on level 1 of the Orcish Mines)
Missiles
 d - 4 silver javelins
 p - 44 poisoned darts (quivered)
 y - 24 boomerangs
 A - 4 curare-tipped darts
 Q - 82 stones
Armour
 k - a +1 pair of boots (worn)
   (You found it on level 2 of the Dungeon)
 l - a +2 pair of gloves (worn)
   (You found it on level 2 of the Dungeon)
 u - a +2 plate armour (worn)
   (You found it on level 2 of the Dungeon)
 G - a +3 ring mail of fire resistance
   (You took it off Duvessa on level 5 of the Dungeon)
Jewellery
 h - a +4 ring of protection (right hand)
   (You found it on level 8 of the Dungeon)
 P - a ring of poison resistance (left hand)
   (You found it on level 1 of the Dungeon)
 S - a ring of see invisible
   (You found it on level 8 of the Dungeon)
Wands
 f - a wand of flame (38)
   (You found it on level 2 of the Dungeon)
 j - a wand of charming (6)
   (You found it on level 8 of the Dungeon)
 B - a wand of light (7)
   (You found it on level 4 of the Dungeon)
 C - a wand of warping (1)
   (You bought it in a shop on level 8 of the Dungeon)
 J - a wand of mindburst (2)
   (You found it on level 9 of the Dungeon)
Scrolls
 e - a scroll of poison
 g - 2 scrolls of noise {!r}
 r - a scroll of fog
 t - 4 scrolls of teleportation {unknown}
 H - 2 scrolls of vulnerability {!r}
 L - 2 scrolls of silence
Potions
 c - 2 potions of mutation {!q}
 m - a potion of invisibility {unknown}
 n - 8 potions of heal wounds {@q2}
 o - 3 potions of curing {@q1}
 q - 3 potions of ambrosia
 s - 5 potions of lignification {!q}
 v - 4 potions of enlightenment
 w - 3 potions of haste {@q3}
 x - a potion of degeneration {unknown}
 z - 3 potions of cancellation
 E - 2 potions of might
 I - 2 potions of resistance {unknown}
 K - a potion of berserk rage {unknown}


   Skills:
 + Level 10.4 Fighting
 * Level 14.1 Axes
 * Level 11.8 Ranged Weapons
 - Level 4.0 Throwing
 - Level 2.4 Armour
 - Level 2.1 Dodging
 + Level 4.3 Evocations


You had 10 spell levels left.
You didn't know any spells.
Your spell library was empty.

Dungeon Overview and Level Annotations

Branches:
Dungeon (10/15) Zot: 26522  Temple (0/1) D:4             Orc (2/2) D:10 Zot: 8117
    Elf (0/3) Orc:2
   Lair: D:8-11

Altars:
Gozag
Hepliaklqana
Kikubaaqudgha
Qazlal
Vehumet
Xom
Beogh

Shops:
D:6 [   D:8 *   Orc:2 *:

Annotations:
Orc:2 Saint Roka


Innate Abilities, Weirdness & Mutations

You have a pair of horns on your head.
You reflexively headbutt those who attack you in melee.


Message History

The orcs go into a battle-frenzy!
You slash the orc warrior! You headbutt the orc warrior.
Unknown command.
You slash the orc warrior!
The orc wizard mumbles some strange words.
The orc wizard flickers and vanishes!
Deactivating autopickup; reactivate with Ctrl-A.
The orc warrior hits you from afar with a +0 halberd!!
* * * LOW HITPOINT WARNING * * *
An orc warrior comes into view. It is wielding a +0 short sword.
Unknown command.
The orc warrior hits you from afar with a +0 halberd.
* * * LOW HITPOINT WARNING * * *
The orc warrior hits you but does no damage.
The orc wizard casts a spell.
The orc wizard flickers and vanishes!
The orc warrior hits you with a +0 hand axe!
* * * LOW HITPOINT WARNING * * *
Items here: )))) [[ ††.
You closely miss the orc warrior. You headbutt the orc warrior.
You kill the orc warrior!
Trog accepts your kill.
You slice the orc priest!!
You kill the orc priest!
Trog accepts your kill.
You closely miss the orc priest. You closely miss the orc warrior.
You closely miss the orc warrior. Your headbutt misses the orc warrior.
You closely miss the orc priest.
The orc warrior hits you with a +0 dire flail!!
* * * LOW HITPOINT WARNING * * *
The orc warrior hits you but does no damage.
The orc priest hits you but does no damage.
Saint Roka mumbles some strange prayers to Beogh against you.
Beogh smites you!
* * * LOW HITPOINT WARNING * * *
You slash the orc priest! You slash the orc warrior! You slash the orc priest!
You feel the power of Trog in you as your rage grows.
You kill the orc priest!
Trog accepts your kill.
You hit the orc warrior.
The orc warrior hits you with a +0 dire flail.
* * * LOW HITPOINT WARNING * * *
The orc warrior hits you but does no damage.
You miss something. You slash the orc warrior!
You kill the orc warrior!
Trog accepts your kill. Something hits you but does no damage.
The orc warrior hits you from afar with a +0 halberd!
You die...

.......))..###...
.........#...##.# ....
..........##.###.
...............
#########...#.###
..............# ###..## #
..............# # ##..#
.............#### .# #..#
.............#.ß##o###o# ##.#
...........ß.'..@{..o... #.#
............)))))oooßo.. #.#
...........ß.))..o..o... #.#
............)#)ß##'###o# ##.#
.............#### ..# . #..#
..............# ..# ##..#
..............## .# ###..##
...............##########...##
..........................###


You could see Saint Roka, 3 orc warriors and 6 orcs.

Vanquished Creatures
  An orc high priest (Orc:2)
  2 orc sorcerers
  4 kobold blastminers
  Joseph (D:8)
  Psyche (D:8)
  3 trolls (Orc:2)
  A hornet (D:9)
  Sigmund (D:4)
  6 yaks (D:8)
  3 wargs
  A steam dragon (D:7)
  An acid dragon (D:9)
  2 water moccasins
  Duvessa (D:5)
  26 orc warriors
  2 ice beasts (D:7)
  4 sky beasts
  2 black bears
  4 ogres (Orc:2)
  4 centaurs
  5 phantoms
  5 kobold brigands
  4 bullfrogs
  A gnoll sergeant (D:4)
  4 scorpions
  Dowan (D:5)
  3 bombardier beetles
  6 howler monkeys
  14 orc priests
  2 jellies
  2 gnoll boudas
  3 hounds
  3 iguanas
  A sleepcap (D:7)
  Jessica (D:2)
  16 orc wizards
  10 adders
  20 gnolls
  2 shadow imps
  2 white imps
  2 ribbon worms
  A dart slug (D:1)
  62 orcs
  8 bats
  14 endoplasms
  3 giant cockroaches
  6 goblins
  7 hobgoblins
  7 jackals (D:1)
  7 quokkas
  7 ball pythons
  5 frilled lizards
  43 kobolds
  5 rats
352 creatures vanquished.

Vanquished Creatures (collateral kills)
  A troll (Orc:2)
1 creature vanquished.

Grand Total: 353 creatures vanquished

Notes
Turn   | Place    | Note
-------+----------+-------------------------------------------
     0 | D:1      | Pooter the Minotaur Berserker began the quest for the Orb.
     0 | D:1      | Reached XP level 1. HP: 19/19 MP: 0/0
    71 | D:1      | Reached XP level 2. HP: 16/27 MP: 1/1
    72 | D:1      | Reached skill level 4 in Axes
    72 | D:1      | Reached skill level 1 in Throwing
   479 | D:1      | Reached XP level 3. HP: 33/33 MP: 2/2
   572 | D:1      | Reached ** piety under Trog
  1617 | D:2      | Noticed Jessica
  1624 | D:2      | Killed Jessica
  1625 | D:2      | Reached XP level 4. HP: 26/40 MP: 3/3
  1894 | D:2      | Found a faded altar of an unknown god.
  2319 | D:3      | Reached skill level 5 in Axes
  2958 | D:4      | Noticed a scorpion
  2970 | D:4      | Killed a scorpion
  2971 | D:4      | Reached XP level 5. HP: 42/47 MP: 4/4
  3051 | D:4      | Noticed Sigmund
  3053 | D:4      | Killed Sigmund
  3054 | D:4      | Reached skill level 5 in Fighting
  3054 | D:4      | Reached skill level 6 in Axes
  3054 | D:4      | Reached XP level 6. HP: 56/56 MP: 5/5
  3109 | D:4      | Reached *** piety under Trog
  3150 | D:4      | Reached skill level 1 in Ranged Weapons
  3155 | D:4      | Reached XP level 7. HP: 61/61 MP: 6/6
  3167 | D:4      | Reached skill level 7 in Axes
  3276 | D:4      | Found a staircase to the Ecumenical Temple.
  3276 | D:4      | You fall into a shaft and drop 3 floors!
  3573 | D:7      | Noticed a steam dragon
  3598 | D:7      | Reached skill level 8 in Axes
  3598 | D:7      | Reached XP level 8. HP: 59/70 MP: 7/7
  3996 | D:6      | Identified the +7 dagger of Skirmishing {heavy, Dex+3}
  4036 | D:6      | Reached skill level 5 in Ranged Weapons
  4216 | D:5      | Entered Level 5 of the Dungeon
  4299 | D:4      | Reached skill level 9 in Axes
  4842 | D:4      | Found an opulent altar of Gozag.
  4865 | D:5      | Noticed Duvessa
  4865 | D:5      | Noticed Dowan
  4926 | D:5      | Killed Duvessa
  4929 | D:5      | Killed Dowan
  5077 | D:5      | Reached XP level 9. HP: 79/79 MP: 8/8
  5235 | D:5      | Reached **** piety under Trog
  5461 | D:6      | Found Nuruireonu's Armour Shop.
  5672 | D:6      | Reached skill level 10 in Axes
  6254 | D:6      | Found a radiant altar of Vehumet.
  6254 | D:6      | Found an ancient bone altar of Kikubaaqudgha.
  6262 | D:6      | Found a hazy altar of Hepliaklqana.
  6264 | D:6      | Found a shimmering altar of Xom.
  6266 | D:6      | Found a faded altar of an unknown god.
  6678 | D:7      | Reached skill level 11 in Axes
  6929 | D:8      | Noticed Psyche
  6933 | D:8      | Killed Psyche
  7278 | D:8      | Reached XP level 10. HP: 90/90 MP: 9/9
  7326 | D:8      | Noticed Joseph
  7335 | D:8      | Killed Joseph
  7666 | D:8      | Reached skill level 1 in Evocations
  7680 | D:8      | Reached skill level 12 in Axes
  7833 | D:8      | Found Zolytsakk's Assorted Antiques.
  7841 | D:8      | Bought a scroll labelled VITOUN AMPOFOR for 28 gold pieces
  7841 | D:8      | Bought a jewelled ivory wand for 112 gold pieces
  7841 | D:8      | Bought a broad axe for 112 gold pieces
  7841 | D:8      | Bought a ruby potion for 25 gold pieces
  8537 | D:9      | Found a stormy altar of Qazlal.
  8896 | D:10     | Entered Level 10 of the Dungeon
  8968 | D:10     | Reached skill level 10 in Ranged Weapons
  9333 | D:10     | Found a staircase to the Orcish Mines.
  9370 | Orc:1    | Entered Level 1 of the Orcish Mines
  9519 | Orc:1    | Noticed a kobold blastminer
  9537 | Orc:1    | Killed a kobold blastminer
  9948 | Orc:2    | Entered Level 2 of the Orcish Mines
  9948 | Orc:2    | Found a staircase to the Elven Halls.
 10637 | Orc:2    | Reached XP level 11. HP: 80/97 MP: 10/10
 10711 | Orc:2    | Reached skill level 13 in Axes
 12046 | Orc:2    | Found a roughly hewn altar of Beogh.
 12292 | Orc:1    | Noticed an orc sorcerer
 12297 | Orc:1    | Killed an orc sorcerer
 12474 | Orc:2    | Found a roughly hewn altar of Beogh.
 12483 | Orc:2    | Reached skill level 10 in Fighting
 12581 | Orc:2    | Found Mummosozurgh's Assorted Antiques.
 12587 | Orc:2    | Bought 3 scrolls labelled MEGORHI NUFOOR for 72 gold pieces
 12587 | Orc:2    | Bought a potion of enlightenment for 120 gold pieces
 12587 | Orc:2    | Bought a potion of heal wounds for 120 gold pieces
 12587 | Orc:2    | Bought a scroll of identify for 48 gold pieces
 12972 | Orc:2    | Found a roughly hewn altar of Beogh.
 12992 | Orc:2    | Found Saguv's Book Shoppe.
 13170 | Orc:2    | Noticed an orc high priest
 13174 | Orc:2    | Noticed an orc sorcerer
 13179 | Orc:2    | Killed an orc high priest
 13185 | Orc:2    | Killed an orc sorcerer
 13191 | Orc:2    | Reached skill level 14 in Axes
 13197 | Orc:2    | Noticed Saint Roka
 13207 | Orc:2    | Slain by an orc warrior

Illustrated notes

Levels and vault maps discovered:
D:1:      ebering_hopf_link, layout_basic
D:2:      layout_basic, hellmonk_ecumenical_altar_heavens_door,
          hangedman_decor_diamond_cutter, kennysheep_jessica_study
D:3:      wad_river_or_something, layout_loops_ring
D:4:      layout_basic, kennysheep_mini, minmay_temple_entry_butterflies,
          kennysheep_generic_room_11, uniq_sigmund
D:5:      layout_rooms, uniq_duvessa
D:6:      layout_basic, chequers_temple_overflow_minitemple, serial_shops,
          nicolae_shop_statue_plus, minivault_25
D:7:      layout_gridville, corner_web_ring, amcnicky_mini_rare_corridor_liquid,
          hangedman_decor_opposing, minmay_fractal_squares_gapless_5
D:8:      layout_basic, serial_shops, shop, uniq_joseph, uniq_psyche
D:9:      layout_rooms, lemuel_doored_altar, kennysheep_generic_room_5
D:10:     layout_stronghold, dpeg_lair_monsters, david_orc_2, minivault_22
Orc:1:    layout_diamond_mine
Orc:2:    grunt_orc_community_town_hall, layout_diamond_mine,
          grunt_orc_community_big_house_2, grunt_orc_community_big_house_2,
          grunt_orc_community_house_1, grunt_orc_community_house_1,
          grunt_orc_community_house_3, grunt_orc_community_house_1,
          grunt_orc_community_house_3, grunt_orc_community_house_1,
          blackcustard_mines_bat_river

Skill      XL: |  1  2  3  4  5  6  7  8  9 10 11 |
---------------+----------------------------------+-----
Axes           | 4 5 6 8 9 11 12 14 | 14.1
Throwing       | 1 2 3 4 |  4.0
Fighting       | 4 5 6 7 8 9 10 | 10.4
Ranged Weapons | 1 4 6 8 10 11 | 11.8
Evocations     | 3 4 |  4.3
Armour         | |  2.4
Dodging        | |  2.1

Action                     |  1- 3 |  4- 6 |  7- 9 | 10-12 || total
---------------------------+-------+-------+-------+-------++-------
  Melee: Hand axe          |    88 |    81 |   376 |    23 ||   568
         Headbutt          |    14 |     9 |    59 |    56 ||   138
         Trident           |       |     1 |       |       ||     1
         Broad axe         |       |       |       |   253 ||   253
   Fire: Sling             |       |     6 |    49 |       ||    55
         Arbalest          |       |       |    14 |    90 ||   104
  Throw: Dart              |       |     1 |       |       ||     1
         Javelin           |       |     2 |     4 |       ||     6
 Invoke: Berserk           |     2 |     1 |     9 |     8 ||    20
         Trog's Hand       |       |       |     5 |    10 ||    15
  Evoke: Wand              |       |       |     1 |     7 ||     8
    Use: Scroll            |       |     3 |    12 |    10 ||    25
         Potion            |       |       |       |     1 ||     1
   Stab: Sleeping          |     2 |       |       |       ||     2
         Invisible         |       |       |       |     1 ||     1
 Armour: Animal skin       |    59 |       |       |       ||    59
         Plate armour      |       |    84 |   306 |   342 ||   732
  Dodge: Dodged            |    54 |    35 |   121 |    94 ||   304

Table legend: (Time is in decaauts)
 A = Elapsed time spent in this place.
 B = Non-inter-level travel time spent in this place.
 C = Inter-level travel time spent in this place.
 D = Time resting spent in this place.
 E = Time spent auto-exploring this place.
 F = Levels seen in this place.
 G = Mean time per level.
                   A        B        C        D        E       F      G
               +--------+--------+--------+--------+--------+-----+--------+
         Total |  13375 |  13030 |    345 |   4046 |   5848 |  12 | 1114.6 |
       Dungeon |   9493 |   9227 |    266 |   1504 |   5485 |  10 |  949.3 |
  Orcish Mines |   3882 |   3803 |     79 |   2542 |    363 |   2 | 1941.0 |
               +--------+--------+--------+--------+--------+-----+--------+

Top non-repeatable levels by time:
   Orc:2: 3081 daAuts
     D:6: 1491 daAuts
     D:8: 1400 daAuts
     D:1: 1158 daAuts
     D:2: 989 daAuts
     D:4: 987 daAuts
     D:7: 956 daAuts
     D:3: 810 daAuts
   Orc:1: 801 daAuts
     D:9: 635 daAuts
     D:5: 584 daAuts
    D:10: 477 daAuts
